 Dungeon Sprint DCSS version 0.21.1-1-g345015f (webtiles) character file.

2569 sanboga the Cleaver (level 9, 0/65 HPs)
             Began as a Gargoyle Monk on Apr 4, 2018.
             Was an Elder of Trog.
             Slain by a 16-headed hydra (3 damage)
             ... in the Dungeon (Sprint IX: "|||||||||||||||||||||||||||||").
             The game lasted 00:04:38 (1164 turns).

sanboga the Cleaver (Gargoyle Monk)                 Turns: 1164, Time: 00:04:39

Health: 0/65       AC: 26    Str: 21    XL:     9   Next: 57%
Magic:  9/9        EV: 10    Int: 11    God:    Trog [****..]
Gold:   10         SH:  0    Dex: 12    Spells: 8/8 levels left

rFire    . . .     SeeInvis .   k - +3 war axe (freeze)
rCold    . . .     Gourm    .   (no shield)
rNeg     + . .     Faith    .   g - +2 plate armour {rPois}
rPois    ∞         Spirit   .   (no helmet)
rElec    +         Reflect  .   (no cloak)
rCorr    .         Harm     .   l - +0 pair of gloves
MR       .....     NoTele   +   a - +0 pair of boots
Stlth    ..........             (no amulet)
HPRegen  0.20/turn              n - +3 ring of strength
MPRegen  0.11/turn              o - +2 ring of evasion

@: starving
A: negative energy resistance 1, electricity resistance, unbreathing,
petrification resistance, rot immunity, AC +6
a: Berserk, Trog's Hand, Brothers in Arms, Burn Spellbooks, Renounce Religion


You were in the Dungeon.
You worshipped Trog.
Trog was greatly pleased with you.
You were starving.

You visited 1 branch You collected 10 gold pieces.

Inventory:

Hand Weapons
 k - a +3 war axe of freezing (weapon)
Armour
 a - a +0 pair of boots (worn)
 g - a +2 plate armour of poison resistance (worn)
 l - a +0 pair of gloves (worn)
Jewellery
 n - a +3 ring of strength (left hand)
 o - a +2 ring of evasion (right hand)
Wands
 j - a wand of iceblast (8)
Scrolls
 h - 3 scrolls of remove curse
 i - a scroll of blinking
 m - 2 scrolls of enchant weapon
 p - a scroll of identify
Potions
 c - 2 potions of agility
 d - 5 potions of curing
 f - a potion of haste


   Skills:
 + Level 12.1 Fighting
 * Level 13.8 Axes
 + Level 11.6 Armour
 - Level 2.4 Dodging
 - Level 2.1 Stealth


You had 8 spell levels left.
You didn't know any spells.

Dungeon Overview and Level Annotations

Branches:
Dungeon (1/1)

Altars:
Cheibriados
Dithmenos
Elyvilon
Fedhas
Gozag
Hepliaklqana
Kikubaaqudgha
Makhleb
Nemelex Xobeh
Okawaru
Qazlal
Ru
Sif Muna
Trog
Uskayaw
Vehumet
Wu Jian
Xom
Yredelemnul
Zin
The Shining One
Beogh
Jiyva
Lugonu


Innate Abilities, Weirdness & Mutations

You are resistant to torment.
Your stone body is resilient. (AC +6)
You are immune to poison.
You resist negative energy. (rN+)
You are resistant to electric shocks. (rElec)
You can survive without breathing.
You are immune to petrification.
You are immune to rotting.


Message History

The 15-headed hydra bites you but does no damage.
You slice one of the 15-headed hydra's heads off!
The 14-headed hydra grows two more!
You slash the 16-headed hydra! You freeze the 16-headed hydra.
The 16-headed hydra is almost dead.
You recover from your berserk rage.
The 16-headed hydra bites you.
* * * LOW HITPOINT WARNING * * *
The 16-headed hydra bites you but does no damage. x4
The 16-headed hydra bites you!
* * * LOW HITPOINT WARNING * * *
The 16-headed hydra barely misses you. x2
The 16-headed hydra closely misses you.
The 16-headed hydra bites you but does no damage.
The 16-headed hydra misses you.
The 16-headed hydra bites you but does no damage. x3
The 16-headed hydra bites you!
* * * LOW HITPOINT WARNING * * *
The 16-headed hydra bites you.
You die...

▓▓▓▓▓▓▓▓▓▓▓▓▓▓▓▓▓▓▓▓▓▓▓▓
.'†÷.FF.§(.†.FFD@......▓
▓▓▓▓▓▓▓▓▓▓▓▓▓▓▓▓▓▓▓▓▓▓.▓
.......................▓
▓▓▓▓▓▓▓▓▓▓▓▓▓▓▓▓▓▓▓▓▓▓▓▓
______'....)'..))(((..<▓
▓▓▓▓▓▓▓▓▓▓▓▓▓▓▓▓▓▓▓▓▓▓▓▓


You could see a 16-headed hydra, a spiny frog and a bullfrog.

Vanquished Creatures
  A hydra (D)
  A spiny frog (D)
  A hippogriff (D)
  A wraith (D)
  A yak (D)
  2 basilisks (D)
  A vampire mosquito (D)
  A porcupine (D)
  A water moccasin (D)
  2 orc warriors (D)
  3 bullfrogs (D)
  A crimson imp (D)
  A howler monkey (D)
  An orc priest (D)
  A hound (D)
  An orc wizard (D)
  An adder skeleton (D)
  A bat zombie (D)
  2 goblins (D)
  A jackal (D)
  3 kobolds (D)
28 creatures vanquished.

Notes
Turn   | Place    | Note
-------+----------+-------------------------------------------
     0 | D        | sanboga the Gargoyle Monk began the quest for the Orb.
     0 | D        | Reached XP level 1. HP: 14/14 MP: 1/1
     6 | D        | Reached skill level 3 in Axes
     7 | D        | Reached skill level 1 in Armour
    40 | D        | Noticed a hound
    40 | D        | Noticed a crimson imp
    40 | D        | Noticed an orc wizard
    44 | D        | Reached XP level 2. HP: 17/20 MP: 2/2
    54 | D        | Reached skill level 4 in Axes
    54 | D        | Reached XP level 3. HP: 24/24 MP: 3/3
    57 | D        | Reached skill level 5 in Fighting
    57 | D        | Reached skill level 5 in Axes
    57 | D        | Reached XP level 4. HP: 31/31 MP: 4/4
   133 | D        | Reached skill level 6 in Axes
   259 | D        | Found a roughly hewn altar of Beogh.
   259 | D        | Found a snail-covered altar of Cheibriados.
   259 | D        | Found a shadowy altar of Dithmenos.
   259 | D        | Found a white marble altar of Elyvilon.
   259 | D        | Found a blossoming altar of Fedhas.
   259 | D        | Found an opulent altar of Gozag.
   260 | D        | Found a hazy altar of Hepliaklqana.
   261 | D        | Found a viscous altar of Jiyva.
   262 | D        | Found an ancient bone altar of Kikubaaqudgha.
   263 | D        | Found a corrupted altar of Lugonu.
   264 | D        | Found a burning altar of Makhleb.
   265 | D        | Found a sparkling altar of Nemelex Xobeh.
   266 | D        | Found an iron altar of Okawaru.
   267 | D        | Found a stormy altar of Qazlal.
   268 | D        | Found a sacrificial altar of Ru.
   269 | D        | Found a deep blue altar of Sif Muna.
   270 | D        | Found a bloodstained altar of Trog.
   271 | D        | Found a hide-covered altar of Uskayaw.
   272 | D        | Found a radiant altar of Vehumet.
   273 | D        | Found an ornate altar of the Wu Jian Council.
   274 | D        | Found a shimmering altar of Xom.
   275 | D        | Found a basalt altar of Yredelemnul.
   276 | D        | Found a glowing silver altar of Zin.
   277 | D        | Found a glowing golden altar of the Shining One.
   278 | D        | Became a worshipper of Trog the Wrathful
   278 | D        | Reached * piety under Trog
   278 | D        | Reached ** piety under Trog
   332 | D        | Noticed an orc warrior
   332 | D        | Noticed a bullfrog
   332 | D        | Noticed an orc warrior
   336 | D        | Reached skill level 5 in Armour
   336 | D        | Reached XP level 5. HP: 36/36 MP: 5/5
   346 | D        | Reached skill level 7 in Axes
   348 | D        | Killed an orc warrior
   348 | D        | Reached skill level 8 in Axes
   348 | D        | Reached XP level 6. HP: 39/44 MP: 6/6
   349 | D        | Reached *** piety under Trog
   350 | D        | Reached skill level 9 in Axes
   360 | D        | HP: 2/44 [orc warrior/hand axe (8)]
   365 | D        | Killed an orc warrior
   603 | D        | Noticed a vampire mosquito
   603 | D        | Noticed a hippogriff
   603 | D        | Noticed a basilisk
   603 | D        | Noticed a wraith
   609 | D        | Killed a wraith
   609 | D        | Reached skill level 10 in Axes
   609 | D        | Reached XP level 7. HP: 51/51 MP: 7/7
   619 | D        | Killed a basilisk
   619 | D        | Reached **** piety under Trog
   619 | D        | Reached skill level 11 in Axes
   626 | D        | Killed a hippogriff
   626 | D        | Reached skill level 10 in Fighting
   626 | D        | Reached XP level 8. HP: 57/57 MP: 8/8
   791 | D        | Noticed a yak
   791 | D        | Noticed a seven-headed hydra
   792 | D        | Noticed a spiny frog
   808 | D        | Killed an 18-headed hydra
   808 | D        | Reached skill level 12 in Axes
   808 | D        | Reached skill level 10 in Armour
   808 | D        | Reached XP level 9. HP: 17/64 MP: 9/9
  1085 | D        | Reached skill level 13 in Axes
  1105 | D        | Noticed a spiny frog
  1110 | D        | Noticed a seven-headed hydra
  1116 | D        | Killed a spiny frog
  1164 | D        | HP: 3/65 [16-headed hydra (8)]
  1164 | D        | Slain by a 16-headed hydra

Skill      XL: |  1  2  3  4  5  6  7  8  9 |
---------------+----------------------------+-----
Axes           | 3 4 5 6 8 10 11 12 13 | 13.8
Armour         | 1 3 5 6 8 9 10 11 | 11.6
Fighting       | 4 5 6 7 9 10 11 12 | 12.1
Dodging        | |  2.4
Stealth        | |  2.1

Action                   |  1- 3 |  4- 6 |  7- 9 || total
-------------------------+-------+-------+-------++-------
Melee: Hand axe          |    35 |    52 |       ||    87
       War axe           |       |    26 |    77 ||   103
Invok: Berserk           |       |     2 |     2 ||     4
       Trog's Hand       |       |     1 |       ||     1
       Brothers in Arms  |       |       |     2 ||     2
Evoke: Wand              |       |       |     2 ||     2
  Use: Potion            |     1 |     3 |     7 ||    11
       Scroll            |       |       |     4 ||     4
  Eat: Ration            |       |       |     1 ||     1
Armor: Robe              |    10 |    12 |       ||    22
       Chain mail        |       |    14 |       ||    14
       Plate armour      |       |     4 |   185 ||   189
Dodge: Dodged            |    16 |    40 |   102 ||   158
